TOP OF THE 1ST |
West Virginia Black Bears batting - Pitching for Eugene Emeralds : RHP Josh MacQueen
|
Pitching: RHP Josh MacQueen
|
|
Batting: LHB Donald Imre
|
0-0: Ball 1-0: Ball 2-0: Called Strike 2-1: Fly out, F8 (Flyball, 78D, EV 89.4 MPH)
|
Batting: LHB Gregg Kellerman
|
0-0: Ball 1-0: Called Strike 1-1: Swinging Strike 1-2: Strikes out swinging
|
Batting: RHB Jose Almonte
|
0-0: Ball 1-0: Fly out, F8 (Flyball, 78D, EV 99.4 MPH)
|
Top of the 1st over - 0 runs, 0 hits, 0 errors, 0 left on base; West Virginia 0 - Eugene 0 |
BOTTOM OF THE 1ST |
Eugene Emeralds batting - Pitching for West Virginia Black Bears : RHP Nick Lockwood
|
Pitching: RHP Nick Lockwood
|
|
Batting: RHB Andy Huntley
|
0-0: Ball 1-0: Foul Ball, location: 2F 1-1: Ball 2-1: Reached on error, E6 (Groundball, 6, EV 85.0 MPH)
|
Batting: RHB Du Kim
|
0-0: Fly out, F9 (Flyball, 9LD, EV 97.5 MPH)
|
Batting: LHB Angel Oropeza
|
0-0: Called Strike Andy Huntley steals 2nd base 0-1: Ball 1-1: Called Strike 1-2: Ball 2-2: Ball 3-2: Fly out, F9 (Flyball, 89S, EV 80.0 MPH)
|
Batting: RHB Jose Balderrama
|
0-0: Called Strike 0-1: Fly out, F7 (Flyball, 78D, EV 94.4 MPH)
|
Bottom of the 1st over - 0 runs, 0 hits, 1 error, 1 left on base; West Virginia 0 - Eugene 0 |
TOP OF THE 2ND |
West Virginia Black Bears batting - Pitching for Eugene Emeralds : RHP Josh MacQueen
|
Batting: RHB Zach Chmieleski
|
0-0: Called Strike 0-1: Ball 1-1: Foul Ball, location: 2F 1-2: Foul Ball, location: 2F 1-2: Ball 2-2: Ground out U3 (Groundball, 3, EV 85.6 MPH)
|
Batting: RHB Freddy Quintero
|
0-0: Ball 1-0: Called Strike 1-1: Foul Ball, location: 2F 1-2: Ball 2-2: SOLO HOME RUN (Flyball, 89XD, EV 100.0 MPH), Distance : 412 ft
|
Batting: RHB Brandon White
|
0-0: Called Strike 0-1: Ball 1-1: SINGLE (Line Drive, 8LS, EV 90.0 MPH)
|
Batting: SHB Mike Corley
|
0-0: Called Strike 0-1: Ball 1-1: Called Strike 1-2: Ball 2-2: Ball 3-2: Fielders Choice at 2nd, 4-6 (Groundball, 34, EV 86.2 MPH)
|
Pitching: LHP Bernard Grose
|
|
Batting: RHB Richard Barrios
|
0-0: Called Strike 0-1: Foul Ball, location: 2F 0-2: Ball 1-2: Ground out 6-3 (Groundball, 6, EV 90.6 MPH)
|
Top of the 2nd over - 1 run, 2 hits, 0 errors, 1 left on base; West Virginia 1 - Eugene 0 |
BOTTOM OF THE 2ND |
Eugene Emeralds batting - Pitching for West Virginia Black Bears : RHP Nick Lockwood
|
Batting: RHB Ryan Bush
|
0-0: Ball 1-0: Ball 2-0: DOUBLE (Flyball, 78XD, EV 109.4 MPH)
|
Batting: RHB Leonardo Nava
|
0-0: Called Strike 0-1: Ball 1-1: Called Strike 1-2: Strikes out looking
|
Batting: RHB Armando Vilano
|
0-0: Swinging Strike 0-1: Foul Ball, location: 2F 0-2: Ball 1-2: Strikes out swinging
|
Batting: RHB Bill Holmes
|
0-0: Ball 1-0: Ground out 4-3 (Groundball, 4, EV 85.0 MPH)
|
Bottom of the 2nd over - 0 runs, 1 hit, 0 errors, 1 left on base; West Virginia 1 - Eugene 0 |
TOP OF THE 3RD |
West Virginia Black Bears batting - Pitching for Eugene Emeralds : LHP Bernard Grose
|
Batting: RHB Rick Pittman
|
0-0: Ball 1-0: Ball 2-0: Ball 3-0: Called Strike 3-1: Base on Balls
|
Batting: LHB Donald Imre
|
0-0: Foul Ball, location: 2F 0-1: Ball 1-1: Ball 2-1: Ball 3-1: Base on Balls Rick Pittman to second
|
Batting: LHB Gregg Kellerman
|
0-0: Swinging Strike 0-1: Ball Wild Pitch! Rick Pittman to third Donald Imre to second 1-1: Ground out 5-3 (Groundball, 5, EV 102.5 MPH)
|
Batting: RHB Jose Almonte
|
0-0: Called Strike 0-1: Ball 1-1: Foul Ball, location: 2F 1-2: Ground out 4-3 (Groundball, 4, EV 105.0 MPH) Rick Pittman scores Donald Imre to third
|
Pitching: RHP Mark Duffy
|
|
Batting: RHB Zach Chmieleski
|
0-0: Ball 1-0: Ball 2-0: Foul Ball, location: 2F 2-1: Ball 3-1: Called Strike 3-2: Strikes out swinging passed ball, reaches first! Donald Imre scores
|
Batting: RHB Freddy Quintero
|
0-0: Ball Passed Ball! Zach Chmieleski to second 1-0: Foul Ball, location: 2F 1-1: Swinging Strike 1-2: Ball 2-2: Ball 3-2: Base on Balls
|
Batting: RHB Brandon White
|
0-0: Ball 1-0: Ball 2-0: Foul Ball, location: 2F 2-1: Foul Ball, location: 2F 2-2: Foul Ball, location: 2F 2-2: Foul Ball, location: 2F 2-2: Ball Passed Ball! Zach Chmieleski to third Freddy Quintero to second 3-2: Foul Ball, location: 2F 3-2: Strikes out swinging
|
Top of the 3rd over - 2 runs, 0 hits, 0 errors, 2 left on base; West Virginia 3 - Eugene 0 |
BOTTOM OF THE 3RD |
Eugene Emeralds batting - Pitching for West Virginia Black Bears : RHP Nick Lockwood
|
Batting: RHB Jerry Blas
|
0-0: Ground out 3-1 (Groundball, 34, EV 106.9 MPH)
|
Batting: RHB Andy Huntley
|
0-0: Ball 1-0: Called Strike 1-1: Called Strike 1-2: Strikes out swinging
|
Batting: RHB Du Kim
|
0-0: Called Strike 0-1: Foul Ball, location: 2F 0-2: Ball 1-2: Strikes out swinging
|
Bottom of the 3rd over - 0 runs, 0 hits, 0 errors, 0 left on base; West Virginia 3 - Eugene 0 |
TOP OF THE 4TH |
West Virginia Black Bears batting - Pitching for Eugene Emeralds : RHP Mark Duffy
|
Pitching: RHP Ryohei Uda
|
|
Batting: SHB Mike Corley
|
0-0: Ball 1-0: Ball 2-0: Called Strike 2-1: Ball 3-1: Foul Ball, location: 2F 3-2: Foul Ball, location: 2F 3-2: DOUBLE (Flyball, 8LXD, EV 98.8 MPH)
|
Batting: RHB Richard Barrios
|
0-0: Swinging Strike 0-1: Ball 1-1: Ball 2-1: Foul Ball, location: 2F 2-2: Foul Ball, location: 2F 2-2: Ball 3-2: Ground out 6-3 (Groundball, 6, EV 85.6 MPH) Mike Corley to third
|
Batting: RHB Rick Pittman
|
0-0: Ball 1-0: SINGLE (Line Drive, 6MD, EV 107.5 MPH) Mike Corley scores
|
Batting: LHB Donald Imre
|
0-0: Ball 1-0: Ball 2-0: Ball 3-0: Called Strike 3-1: Base on Balls Rick Pittman to second
|
Pitching: LHP Virgílio Beyfus
|
|
Batting: LHB Gregg Kellerman
|
0-0: Ball 1-0: Foul Ball, location: 2F 1-1: Ball 2-1: Fly out, F9 (Flyball, 9D, EV 101.2 MPH) Runner from 2nd tags up, SAFE at 3rd with throw by RF
|
Batting: RHB Jose Almonte
|
0-0: Ball 1-0: SINGLE (Groundball, 56D, EV 108.1 MPH) Rick Pittman scores Donald Imre to second
|
Batting: RHB Zach Chmieleski
|
0-0: Called Strike 0-1: Ball 1-1: Swinging Strike 1-2: Ball 2-2: Fielders Choice at 2nd, 6-4 (Groundball, 6, EV 98.8 MPH)
|
Top of the 4th over - 2 runs, 3 hits, 0 errors, 2 left on base; West Virginia 5 - Eugene 0 |
BOTTOM OF THE 4TH |
Eugene Emeralds batting - Pitching for West Virginia Black Bears : RHP Nick Lockwood
|
Batting: LHB Angel Oropeza
|
0-0: Ball 1-0: Ball 2-0: Ground out 1-3 (Groundball, 34S, EV 68.1 MPH)
|
Batting: RHB Jose Balderrama
|
0-0: Ground out 6-3 (Groundball, 6, EV 88.1 MPH)
|
Batting: RHB Ryan Bush
|
0-0: Foul Ball, location: 2F 0-1: Ball 1-1: Foul Ball, location: 2F 1-2: Strikes out swinging
|
Bottom of the 4th over - 0 runs, 0 hits, 0 errors, 0 left on base; West Virginia 5 - Eugene 0 |
TOP OF THE 5TH |
West Virginia Black Bears batting - Pitching for Eugene Emeralds : LHP Virgílio Beyfus
|
Batting: RHB Freddy Quintero
|
0-0: Ground out 4-3 (Groundball, 4S, EV 83.1 MPH)
|
Batting: RHB Brandon White
|
0-0: Ball 1-0: Ball 2-0: Ball 3-0: Base on Balls
|
Batting: SHB Mike Corley
|
0-0: SINGLE (Groundball, 25, EV 68.1 MPH) (infield hit) Brandon White to second
|
Pinch Runner at 1st Joe Hoover:
|
|
Batting: RHB Richard Barrios
|
0-0: Called Strike 0-1: Ball 1-1: Foul Ball, location: 2F 1-2: Strikes out looking
|
Pitching: LHP Jose Urena
|
|
Batting: RHB Rick Pittman
|
0-0: Ball 1-0: Called Strike 1-1: Ball 2-1: Swinging Strike 2-2: Strikes out swinging
|
Top of the 5th over - 0 runs, 1 hit, 0 errors, 2 left on base; West Virginia 5 - Eugene 0 |
BOTTOM OF THE 5TH |
Eugene Emeralds batting - Pitching for West Virginia Black Bears : RHP Nick Lockwood
|
Now in CF: Joe Hoover
|
|
Batting: RHB Leonardo Nava
|
0-0: Ball 1-0: Foul Ball, location: 2F 1-1: Swinging Strike 1-2: Strikes out looking
|
Batting: RHB Armando Vilano
|
0-0: Ball 1-0: Ball 2-0: Foul Ball, location: 2F 2-1: Swinging Strike 2-2: Strikes out swinging
|
Batting: RHB Bill Holmes
|
0-0: Called Strike 0-1: Called Strike 0-2: Strikes out swinging
|
Bottom of the 5th over - 0 runs, 0 hits, 0 errors, 0 left on base; West Virginia 5 - Eugene 0 |
TOP OF THE 6TH |
West Virginia Black Bears batting - Pitching for Eugene Emeralds : LHP Jose Urena
|
Batting: LHB Donald Imre
|
0-0: Fly out, F6 (Flyball, 5D, EV 81.9 MPH)
|
Batting: LHB Gregg Kellerman
|
0-0: Called Strike 0-1: Foul Ball, location: 2F 0-2: Ball 1-2: Ball 2-2: SINGLE (Groundball, 4MD, EV 96.2 MPH)
|
Batting: RHB Jose Almonte
|
0-0: Ball 1-0: Ball 2-0: Foul Ball, location: 2F 2-1: Ball 3-1: Base on Balls Gregg Kellerman to second
|
Batting: RHB Zach Chmieleski
|
0-0: Called Strike 0-1: SINGLE (Groundball, 4MD, EV 103.1 MPH) Gregg Kellerman to third Jose Almonte to second
|
Batting: RHB Freddy Quintero
|
0-0: Called Strike 0-1: Fly out, F8 (Line Drive, 8RM, EV 98.8 MPH)
|
Batting: RHB Brandon White
|
0-0: Fly out, F3 (Popup, 3S, EV 80.0 MPH)
|
Top of the 6th over - 0 runs, 2 hits, 0 errors, 3 left on base; West Virginia 5 - Eugene 0 |
BOTTOM OF THE 6TH |
Eugene Emeralds batting - Pitching for West Virginia Black Bears : RHP Nick Lockwood
|
Batting: RHB Jerry Blas
|
0-0: Ball 1-0: Swinging Strike 1-1: Called Strike 1-2: Strikes out swinging
|
Batting: RHB Andy Huntley
|
0-0: Ball 1-0: Ball 2-0: Swinging Strike 2-1: Foul Ball, location: 2F 2-2: Strikes out swinging
|
Batting: RHB Du Kim
|
0-0: Called Strike 0-1: Ball 1-1: Ball 2-1: Ball 3-1: Fly out, F8 (Flyball, 8RD, EV 106.2 MPH)
|
Bottom of the 6th over - 0 runs, 0 hits, 0 errors, 0 left on base; West Virginia 5 - Eugene 0 |
TOP OF THE 7TH |
West Virginia Black Bears batting - Pitching for Eugene Emeralds : LHP Jose Urena
|
Batting: LHB Joe Hoover
|
0-0: Called Strike 0-1: Ball 1-1: Ball 2-1: Ball 3-1: Called Strike 3-2: Base on Balls
|
Batting: RHB Richard Barrios
|
0-0: Ball 1-0: Ball Joe Hoover steals 2nd base 2-0: Called Strike 2-1: Ball 3-1: Called Strike 3-2: Foul Ball, location: 2F 3-2: Foul Ball, location: 2F 3-2: Base on Balls
|
Batting: RHB Rick Pittman
|
0-0: SINGLE (Groundball, 56D, EV 103.1 MPH) Joe Hoover to third Richard Barrios to second Runner from 3rd tries for Home, throw by LF and OUT! 7-2
|
Batting: LHB Donald Imre
|
0-0: Ball 1-0: Ball 2-0: Swinging Strike 2-1: Called Strike 2-2: Strikes out looking
|
Batting: LHB Gregg Kellerman
|
0-0: Ball 1-0: Ball 2-0: Called Strike 2-1: 3-RUN HOME RUN (Flyball, 8LXD, EV 102.5 MPH), Distance : 428 ft
|
Batting: RHB Jose Almonte
|
0-0: Foul Ball, location: 2F 0-1: Foul Ball, location: 2F 0-2: Foul Ball, location: 2F 0-2: Foul Ball, location: 2F 0-2: Ball 1-2: SOLO HOME RUN (Flyball, 9D, EV 103.8 MPH), Distance : 382 ft
|
Batting: RHB Zach Chmieleski
|
0-0: Ball 1-0: Ball 2-0: Ball 3-0: Called Strike 3-1: Called Strike 3-2: Foul Ball, location: 2F 3-2: Base on Balls
|
Batting: RHB Freddy Quintero
|
0-0: Ball 1-0: Ball 2-0: Ball 3-0: Called Strike 3-1: Fly out, F9 (Flyball, 9S, EV 92.5 MPH)
|
Top of the 7th over - 4 runs, 3 hits, 0 errors, 1 left on base; West Virginia 9 - Eugene 0 |
BOTTOM OF THE 7TH |
Eugene Emeralds batting - Pitching for West Virginia Black Bears : RHP Nick Lockwood
|
Pinch Hitting: LHB Wing-tat Tai
|
0-0: Ball 1-0: Ball 2-0: Called Strike 2-1: Ground out 4-3 (Groundball, 4, EV 108.1 MPH)
|
Batting: RHB Jose Balderrama
|
0-0: Ball 1-0: Called Strike 1-1: Foul Ball, location: 2F 1-2: Ball 2-2: Strikes out swinging, 2-3 out at first.
|
Batting: RHB Ryan Bush
|
0-0: SINGLE (Line Drive, 8LS, EV 109.4 MPH)
|
Batting: RHB Leonardo Nava
|
0-0: Ball 1-0: Swinging Strike 1-1: Ball 2-1: Ground out 5-3 (Groundball, 56S, EV 88.1 MPH)
|
Bottom of the 7th over - 0 runs, 1 hit, 0 errors, 1 left on base; West Virginia 9 - Eugene 0 |
TOP OF THE 8TH |
West Virginia Black Bears batting - Pitching for Eugene Emeralds : LHP Jose Urena
|
Pitching: RHP Taylor Garofalo
|
|
Now in LF: Wing-tat Tai
|
|
Batting: RHB Brandon White
|
0-0: Foul Ball, location: 2F 0-1: Ball 1-1: Ball 2-1: Swinging Strike 2-2: Ball 3-2: Foul Ball, location: 2F 3-2: Ground out 5-3 (Groundball, 56S, EV 74.4 MPH)
|
Batting: LHB Joe Hoover
|
0-0: Ball 1-0: Swinging Strike 1-1: Ball 2-1: TRIPLE (Flyball, 78XD, EV 92.5 MPH)
|
Batting: RHB Richard Barrios
|
0-0: Ground out 1-3 (Groundball, 13, EV 75.0 MPH)
|
Batting: RHB Rick Pittman
|
0-0: SINGLE (Line Drive, 56, EV 95.0 MPH) Joe Hoover scores
|
Batting: LHB Donald Imre
|
0-0: Called Strike 0-1: Ball Balk! Rick Pittman to second 1-1: Swinging Strike 1-2: Ground out 5-3 (Groundball, 5, EV 81.2 MPH)
|
Top of the 8th over - 1 run, 2 hits, 0 errors, 1 left on base; West Virginia 10 - Eugene 0 |
BOTTOM OF THE 8TH |
Eugene Emeralds batting - Pitching for West Virginia Black Bears : RHP Nick Lockwood
|
Batting: RHB Armando Vilano
|
0-0: Called Strike 0-1: Reached on error, E6 (Groundball, 6, EV 108.1 MPH)
|
Batting: RHB Bill Holmes
|
0-0: Grounds into double play, 3-6-3 (Groundball, 34S, EV 88.1 MPH)
|
Batting: RHB Jerry Blas
|
0-0: Called Strike 0-1: Ball 1-1: Ball 2-1: Called Strike 2-2: Strikes out swinging
|
Bottom of the 8th over - 0 runs, 0 hits, 1 error, 0 left on base; West Virginia 10 - Eugene 0 |
TOP OF THE 9TH |
West Virginia Black Bears batting - Pitching for Eugene Emeralds : RHP Taylor Garofalo
|
Batting: LHB Gregg Kellerman
|
0-0: Ball 1-0: Fly out, F7 (Flyball, 7S, EV 85.6 MPH)
|
Batting: RHB Jose Almonte
|
0-0: Ground out 5-3 (Groundball, 5, EV 98.8 MPH)
|
Batting: RHB Zach Chmieleski
|
0-0: Foul Ball, location: 2F 0-1: Ball 1-1: Ball 2-1: Foul Ball, location: 2F 2-2: Foul Ball, location: 2F 2-2: Ball 3-2: Foul Ball, location: 2F 3-2: Base on Balls
|
Batting: RHB Freddy Quintero
|
0-0: Called Strike 0-1: Ball 1-1: Ball 2-1: Swinging Strike 2-2: Foul Ball, location: 2F 2-2: Ball 3-2: SINGLE (Groundball, 6MD, EV 108.1 MPH) Zach Chmieleski to second Zach Chmieleski to third
|
Batting: RHB Brandon White
|
0-0: Called Strike 0-1: DOUBLE (Groundball, 5L, EV 98.8 MPH) Zach Chmieleski scores Freddy Quintero to third
|
Batting: LHB Joe Hoover
|
0-0: Foul Ball, location: 2F 0-1: Foul Ball, location: 2F 0-2: Ball 1-2: Ball 2-2: Strikes out swinging
|
Top of the 9th over - 1 run, 2 hits, 0 errors, 2 left on base; West Virginia 11 - Eugene 0 |
BOTTOM OF THE 9TH |
Eugene Emeralds batting - Pitching for West Virginia Black Bears : RHP Nick Lockwood
|
Batting: RHB Andy Huntley
|
0-0: SINGLE (Line Drive, 5D, EV 106.9 MPH)
|
Batting: RHB Du Kim
|
0-0: Called Strike 0-1: Foul Ball, location: 2F 0-2: Strikes out swinging
|
Batting: LHB Wing-tat Tai
|
0-0: Ball 1-0: Called Strike 1-1: Swinging Strike 1-2: Fly out, F8 (Flyball, 8RS, EV 83.8 MPH)
|
Batting: RHB Jose Balderrama
|
0-0: Called Strike 0-1: Called Strike 0-2: Strikes out swinging
|
Bottom of the 9th over - 0 runs, 1 hit, 0 errors, 1 left on base; West Virginia 11 - Eugene 0 |
|